 Dungeon Crawl Stone Soup version 0.32-a0-876-gcfddb08e57 (webtiles) character file.

Game seed: 120240749689322999

5120 Griffin23 the Carver (level 10, -1/91 HPs)
             Began as a Minotaur Fighter on Apr 1, 2024.
             Was a Follower of Nemelex Xobeh.
             Killed by vampiric draining
             ... invoked by a vampire
              (11 damage)
             ... on level 9 of the Dungeon.
             The game lasted 00:16:26 (9358 turns).

Griffin23 the Carver (Minotaur Fighter)             Turns: 9358, Time: 00:16:27

Health: -1/91      AC: 21    Str: 25    XL:     10   Next: 32%
Magic:  9/9        EV:  6    Int:  5    God:    Nemelex Xobeh [*.....]
Gold:   549        SH: 10    Dex: 10    Spells: 9/9 levels left

rFire   . . .        a - +0 long sword
rCold   . . .        c - +0 buckler
rNeg    . . .        K - +0 plate armour
rPois   +            A - +2 hat
rElec   .            (no cloak)
rCorr   .            (no gloves)
SInv    .            H - +0 pair of boots
Will    .....        g - amulet of reflection Stlth
                     E - ring of poison resistance
HPRegen 0.35/turn    x - +4 ring of protection
MPRegen 0.11/turn

%: reflection
@: no status effects
A: horns 2, retaliatory headbutt
a: Renounce Religion, Draw Escape, Draw Destruction, Draw Summoning


You were on level 9 of the Dungeon.
You worshipped Nemelex Xobeh.
Nemelex Xobeh was aware of your devotion.
You visited 2 branches of the dungeon, and saw 10 of its levels.

You collected 549 gold pieces.

Inventory:

Hand Weapons
 a - a +0 long sword (weapon)
Missiles
 B - a throwing net (quivered)
 F - 6 boomerangs
 G - 3 javelins
Armour
 b - a +0 scale mail
 c - a +0 buckler (worn)
 A - a +2 hat (worn)
 H - a +0 pair of boots (worn)
 K - a +0 plate armour (worn)
Jewellery
 f - an amulet of guardian spirit
 g - an amulet of reflection (around neck)
 o - an amulet of regeneration
 w - a ring of positive energy
 x - a +4 ring of protection (right hand)
 E - a ring of poison resistance (left hand)
 M - an amulet of magic regeneration
 O - a ring of see invisible
 P - a ring of willpower
 T - a +4 ring of protection
Wands
 v - a wand of polymorph (8)
 y - a wand of acid (20)
 z - a wand of paralysis (6)
Scrolls
 e - 4 scrolls of enchant weapon
 i - 2 scrolls of fog
 j - 7 scrolls of teleportation
 k - 2 scrolls of vulnerability {unknown}
 l - 2 scrolls of poison {unknown}
 m - 5 scrolls of noise
 I - 4 scrolls of revelation {unknown}
 L - a scroll of fear {unknown}
 N - a scroll of torment {unknown}
 Q - a scroll of enchant armour {unknown}
 R - a scroll of identify
Potions
 d - 2 potions of might
 n - 4 potions of cancellation
 q - 3 potions of mutation {unknown}
 r - 2 potions of enlightenment {unknown}
 s - a potion of lignification {unknown}
 t - a potion of brilliance {unknown}
 u - a potion of degeneration {unknown}
 C - a potion of ambrosia {unknown}
 D - 2 potions of resistance {unknown}
 J - a potion of attraction {unknown}
 S - a potion of invisibility {unknown}


   Skills:
 + Level 9.0 Fighting
 * Level 11.7 Long Blades
 + Level 9.1 Armour
 + Level 9.1 Shields


You had 9 spell levels left.
You didn't know any spells.
Your spell library contained the following spells:

 Spells                   Type           Power      Damage    Failure   Level
 Apportation              Tloc           0%         N/A       100%        1
 Summon Small Mammal      Summ           0%         N/A       100%        1
 Jinxbite                 Hex            0%         N/A       100%        2
 Dazzling Flash           Conj/Hex       0%         N/A       100%        3
 Sigil of Binding         Hex            0%         N/A       100%        3
 Animate Armour           Summ/Erth      0%         N/A       100%        4
 Summon Lightning Spire   Summ/Air       0%         N/A       100%        4
 Alistair's Intoxication  Alch           0%         N/A       100%        5
 Metabolic Englaciation   Hex/Ice        0%         N/A       100%        5
 Death Channel            Necr           0%         N/A       100%        6
 Sculpt Simulacrum        Ice/Alch       0%         N/A       100%        6
 Starburst                Conj/Fire      0%         6d3       100%        6
 Maxwell's Capacitive Co  Air            0%         ∞         100%        8


Dungeon Overview and Level Annotations

Branches:
Dungeon (9/15)             Temple (1/1) D:7
   Lair: D:8-11         Orc: D:9-12

Altars:
Ashenzari
Cheibriados
Dithmenos
Elyvilon
Fedhas
Gozag
Hepliaklqana
Kikubaaqudgha
Makhleb
Nemelex Xobeh
Okawaru
Qazlal
Ru
Sif Muna
Trog
Uskayaw
Vehumet
Wu Jian
Xom
Yredelemnul
Zin
The Shining One

Shops:
D:2 [


Innate Abilities, Weirdness & Mutations

You have a pair of horns on your head.
You reflexively headbutt those who attack you in melee.


Message History

* * * LOW HITPOINT WARNING * * *
Something draws strength from your injuries!
You draw a card...
You have drawn Velocity.
Nothing appears to happen.
You block something's attack. Something bites you but does no damage.
You draw a card...
You have drawn Pain.
Press: ? - help, Shift-Dir - straight line Nothing appears to happen.
Something hits you!
* * * LOW HITPOINT WARNING * * *
Something bites you but does no damage.
You draw a card...
You have drawn Wild Magic.
The air has a black tinge for a moment.
You feel a surge of magic.
Reactivating autopickup.
A vampire appears from thin air!
The vampire casts a spell.
The vampire flickers and vanishes!
Deactivating autopickup; reactivate with Ctrl-A.
You draw a card...
You have drawn the Storm.
A fierce wind blows from the card.
You hear mighty peals of thunder!
The deck of cards glows slightly and disappears.
You hear an angry hiss.
Something hits you.
* * * LOW HITPOINT WARNING * * *
You block something's attack.
You feel better. Something draws life force from you!
* * * LOW HITPOINT WARNING * * *
You feel better. Something hits you but does no damage.
Something bites you but does no damage.
You feel better. Something draws life force from you!
* * * LOW HITPOINT WARNING * * *
You hit something but do no damage. Your headbutt misses something.
You hit something. Your headbutt misses something.
Something hits you but does no damage. Something bites you but does no damage.
You hit something. Your headbutt misses something.
Something hits you but does no damage. Something bites you.
* * * LOW HITPOINT WARNING * * *
Something draws strength from your injuries!
You slash something! Something draws life force from you!
You die...
Your body disappears without a glow.

#. .$#... #... ..#...
#.. ..?.# #.. ....#
#.. .....# #.###..#.#
#.#... #........#
#..... #...@{###
#.... #.###.#.#
####...# #.....#.#
.#....#.#
#.....#.##..#......#
#.###.#.....#......##
#.....'.#####^..)..#.
#.....###.....#....#.
#.....###.##.......'.
#.....#.#.##.#######.


There were no monsters in sight!

Vanquished Creatures
  A troll (D:7)
  A hornet (D:9)
  Grinder (D:4)
  A wraith (D:8)
  3 wyverns
  A steam dragon (D:7)
  Duvessa (D:4)
  An acid dragon (D:8)
  2 water moccasins (D:7)
  2 orc warriors (D:7)
  An ice beast (D:7)
  4 centaurs (D:7)
  An ogre (D:5)
  A phantom (D:7)
  A kobold brigand (D:7)
  4 bullfrogs
  A gnoll sergeant (D:7)
  4 scorpions
  7 wights (D:7)
  Dowan (D:4)
  14 killer bees
  2 howler monkeys (D:8)
  A centaur zombie (D:3)
  2 hounds (D:7)
  A gnoll bouda (D:9)
  An orc priest (D:8)
  Natasha (thrice) (D:4)
  9 orc wizards
  6 iguanas
  7 gnolls
  7 adders
  2 shadow imps
  A ribbon worm zombie (D:6)
  A white imp (D:7)
  A ribbon worm (D:4)
  3 dart slugs
  25 orcs
  A ball python (D:3)
  5 endoplasms
  5 giant cockroaches
  A gnoll zombie (D:6)
  8 goblins
  3 hobgoblins
  2 quokkas
  A ball python zombie (D:3)
  4 bats
  2 frilled lizards
  A jackal zombie (D:6)
  9 kobolds
  12 rats
179 creatures vanquished.

Vanquished Creatures (others)
  An orc wizard (D:4)
1 creature vanquished.

Grand Total: 180 creatures vanquished

Notes
Turn   | Place    | Note
-------+----------+-------------------------------------------
     0 | D:1      | Griffin23 the Minotaur Fighter began the quest for the Orb.
     0 | D:1      | Reached XP level 1. HP: 19/19 MP: 0/0
   138 | D:1      | Reached XP level 2. HP: 8/27 MP: 1/1
   567 | D:1      | Reached skill level 3 in Long Blades
   658 | D:1      | Reached XP level 3. HP: 33/33 MP: 2/2
  1013 | D:2      | Found Vadush's Antique Armour Shop.
  1560 | D:2      | Reached XP level 4. HP: 40/40 MP: 3/3
  1967 | D:3      | Reached skill level 4 in Long Blades
  1990 | D:3      | Found a basalt altar of Yredelemnul.
  2468 | D:4      | Reached XP level 5. HP: 36/47 MP: 4/4
  2572 | D:4      | Got Sif Muna's Book of Frigid Production
  2926 | D:4      | Noticed Grinder
  2932 | D:4      | Paralysed by Grinder for 2 turns
  2938 | D:4      | Killed Grinder
  2939 | D:4      | Reached skill level 5 in Fighting
  2939 | D:4      | Reached skill level 5 in Long Blades
  2939 | D:4      | Reached skill level 5 in Armour
  2939 | D:4      | Reached skill level 5 in Shields
  2939 | D:4      | Reached XP level 6. HP: 14/56 MP: 5/5
  3105 | D:4      | Noticed Duvessa
  3105 | D:4      | Noticed Dowan
  3118 | D:4      | Killed Duvessa
  3119 | D:4      | Reached XP level 7. HP: 23/61 MP: 6/6
  3129 | D:4      | Killed Dowan
  3130 | D:4      | Reached skill level 6 in Long Blades
  3339 | D:4      | Noticed Natasha
  3351 | D:4      | Killed Natasha
  3446 | D:4      | Found a hide-covered altar of Uskayaw.
  3488 | D:4      | Noticed Natasha
  3500 | D:4      | Killed Natasha
  3802 | D:4      | Noticed Natasha
  3821 | D:4      | Killed Natasha
  3956 | D:5      | Entered Level 5 of the Dungeon
  3968 | D:5      | Found a glowing silver altar of Zin.
  3971 | D:5      | Found a shimmering blue altar of Sif Muna.
  4544 | D:5      | Reached skill level 7 in Long Blades
  4766 | D:6      | Found a glowing golden altar of the Shining One.
  5342 | D:6      | You fall into a shaft and drop 1 floor!
  5486 | D:6      | Found a shimmering altar of Xom.
  5761 | D:6      | Reached XP level 8. HP: 62/70 MP: 7/7
  5991 | D:7      | Reached skill level 8 in Long Blades
  6066 | D:7      | Found a staircase to the Ecumenical Temple.
  6473 | D:7      | Reached skill level 9 in Long Blades
  6480 | D:7      | Reached XP level 9. HP: 75/79 MP: 8/8
  6792 | D:7      | Reached skill level 10 in Long Blades
  7238 | Temple   | Entered the Ecumenical Temple
  7306 | Temple   | Became a worshipper of Nemelex Xobeh the Trickster
  7385 | D:8      | Noticed a troll
  7429 | D:7      | Killed a troll
  7948 | D:8      | Reached skill level 11 in Long Blades
  8040 | D:8      | Reached XP level 10. HP: 80/90 MP: 9/9
  8263 | D:8      | Found a hazy altar of Hepliaklqana.
  8467 | D:8      | Found a burning altar of Makhleb.
  8825 | D:9      | Found a white marble altar of Elyvilon.
  8868 | D:9      | Reached * piety under Nemelex Xobeh
  9192 | D:9      | Identified the +6 spear "Ysuoraim" {heavy, ^Fragile rPois
                  | rN++ Stlth+}
  9300 | D:9      | Received a gift from Nemelex Xobeh
  9352 | D:9      | HP: 4/91 [something (10)]
  9358 | D:9      | Killed from afar by a vampire

Illustrated notes

Levels and vault maps discovered:
D:1:      giann_forest_graveyard, layout_basic, dk_noncrumbling_3,
          minmay_rat_gold_closets
D:2:      layout_loops_ring, serial_shops, shop, nrook_mini_backslash
D:3:      layout_basic, lemuel_zombie_altar_yredelemnul,
          guppyfry_early_lair_pool
D:4:      layout_loops_cross, nicolae_uskayaw_suspiria,
          minmay_misc_feat_secret_circle, hangedman_decor_lopped,
          grunt_decor_resistance, minmay_a_box_with_orc_wizards_in_it,
          uniq_grinder, uniq_natasha, uniq_duvessa
D:5:      layout_rooms, nicolae_overflow_squiral,
          serial_library_hellmonk_small_corner, chequers_avenue
D:6:      layout_loops_ring, mainiacjoe_overflow_brackets, xom_teletrap_fun,
          enter_ossuary_3
D:7:      minmay_the_grid_octo_tiled_squarecenter
          [minmay_the_grid_octo_odd_swirl, minmay_the_grid_octo_empty,
          minmay_the_grid_octo_vomiting_pacman, minmay_the_grid_octo_toaster,
          minmay_the_grid_square_5x5_megaprize_hollow,
          minmay_the_grid_square_5x5_v, minmay_the_grid_square_5x5_broken_cross,
          minmay_the_grid_square_5x5_n_small,
          minmay_the_grid_square_5x5_almost_minimal], layout_loops_ring,
          minmay_temple_entry_tees
D:8:      layout_cave_pools, marbit_many_paths, mainiacjoe_overflow_24_doors,
          st_stairs_7
D:9:      layout_stronghold, nicolae_overflow_hidden_temple
Temple:   oiseaux_autumnal_temple

Skill      XL: |  1  2  3  4  5  6  7  8  9 10 |
---------------+-------------------------------+-----
Armour         | 4 5 6 7 8 9 |  9.1
Fighting       | 4 5 6 7 8 9 |  9.0
Shields        | 4 5 6 7 8 9 |  9.1
Long Blades    | 3 4 5 7 9 11 | 11.7

Action                     |  1- 3 |  4- 6 |  7- 9 | 10-12 || total
---------------------------+-------+-------+-------+-------++-------
  Melee: Long sword        |   101 |   113 |   438 |   161 ||   813
         Headbutt          |    19 |    22 |    96 |    27 ||   164
         Unarmed           |       |       |    23 |       ||    23
 Invoke: Draw Destruction  |       |       |       |     3 ||     3
         Draw Escape       |       |       |       |     1 ||     1
    Use: Scroll            |       |       |     7 |       ||     7
         Potion            |       |       |     5 |     5 ||    10
 Armour: Scale mail        |    68 |    98 |   103 |       ||   269
         Skin              |       |       |    11 |       ||    11
         Plate armour      |       |       |   270 |   134 ||   404
  Dodge: Dodged            |    29 |    27 |   112 |    32 ||   200
  Block: Buckler           |    48 |    56 |   235 |    82 ||   421
         Reflection        |     1 |     2 |     6 |       ||     9
         Other             |       |       |     3 |       ||     3

Table legend: (Time is in decaauts)
 A = Elapsed time spent in this place.
 B = Non-inter-level travel time spent in this place.
 C = Inter-level travel time spent in this place.
 D = Time resting spent in this place.
 E = Time spent auto-exploring this place.
 F = Levels seen in this place.
 G = Mean time per level.
                   A        B        C        D        E       F      G
               +--------+--------+--------+--------+--------+-----+--------+
         Total |   9379 |   8539 |    840 |    458 |   6162 |  10 |  937.9 |
       Dungeon |   9258 |   8508 |    750 |    458 |   6162 |   9 | 1028.7 |
        Temple |    120 |     31 |     89 |      0 |      0 |   1 |  120.0 |
               +--------+--------+--------+--------+--------+-----+--------+

Top non-repeatable levels by time:
     D:7: 1669 daAuts
     D:4: 1591 daAuts
     D:5: 1133 daAuts
     D:1: 1020 daAuts
     D:8: 976 daAuts
     D:9: 752 daAuts
     D:2: 741 daAuts
     D:6: 719 daAuts
     D:3: 652 daAuts
  Temple: 120 daAuts
